 Dungeon Crawl Stone Soup version 0.23.1-37-gaa34b87 (webtiles) character file.

Game seed: 3792715633430440678

357 Borgoz the Sneak (level 6, -3/35 HPs)
             Began as a Kobold Enchanter on Mar 22, 2019.
             Killed by divine providence
             ... invoked by an orc priest
              (14 damage)
             ... on level 4 of the Dungeon.
             The game lasted 00:12:35 (6377 turns).

Borgoz the Sneak (Kobold Enchanter)                 Turns: 6377, Time: 00:12:36

Health: -3/35      AC:  8    Str:  8    XL:     6   Next: 96%
Magic:  10/10      EV: 13    Int: 16    God:
Gold:   21         SH:  0    Dex: 15    Spells: 4/11 levels left

rFire    + . .     SeeInvis .   a - +5 dagger (venom)
rCold    . . .     Gourm    .   (shield restricted)
rNeg     . . .     Faith    .   e - +0 ring mail
rPois    .         Spirit   .   h - +0 helmet
rElec    .         Reflect  .   (no cloak)
rCorr    .         Harm     .   (no gloves)
MR       +....                  j - +1 pair of boots
Stlth    ++........             (no amulet)
HPRegen  0.11/turn              m - ring of protection from magic
MPRegen  0.12/turn              u - ring of protection from fire

@: no status effects
A: small, carnivore
a: no special abilities


You were on level 4 of the Dungeon.
You were not hungry.

You visited 1 branch of the dungeon, and saw 6 of its levels.
You also visited: Ossuary.

You collected 206 gold pieces.
You spent 185 gold pieces at shops.

Inventory:

Hand Weapons
 a - a +5 dagger of venom (weapon)
 b - a +1 rapier
Missiles
 w - 4 tomahawks (quivered)
Armour
 e - a +0 ring mail (worn)
 h - a +0 helmet (worn)
 j - a +1 pair of boots (worn)
Jewellery
 m - a ring of protection from magic (left hand)
 u - a ring of protection from fire (right hand)
Wands
 n - a wand of digging (6)
 r - a wand of flame (2)
Scrolls
 c - 4 scrolls of teleportation
 g - 3 scrolls of enchant weapon
 l - a scroll of blinking
 t - 6 scrolls of remove curse
 v - 2 scrolls of immolation
Potions
 f - a potion of curing
 i - 3 potions of brilliance
 k - a potion of heal wounds
 o - a potion of berserk rage
 p - 2 potions of might
 q - a potion of flight
 s - 4 potions of degeneration
Comestibles
 d - 8 rations


   Skills:
 + Level 1.9 Fighting
 + Level 3.1 Short Blades
 * Level 2.2 Armour
 + Level 3.6 Dodging
 + Level 5.0 Stealth
 + Level 3.0 Spellcasting
 + Level 3.6 Hexes
 + Level 1.3 Ice Magic
 + Level 1.2 Evocations


You had 4 spell levels left.
You knew the following spells:

 Your Spells              Type           Power        Failure   Level  Hunger
a - Corona                Hex            ##.....      12%         1    #......
b - Ensorcelled Hibernat  Hex/Ice        ##....       30%         2    ##.....
c - Confuse               Hex            ##......     36%         3    ###....
d - Confusing Touch       Hex            ##....       12%         1    #......

Your spell library contained the following spells:

 Spells                   Type           Power        Failure   Level  Hunger
 Tukima's Dance           Hex            ##......     36%         3    ###....
 Summon Small Mammal      Summ           #...         50%         1    #......
 Dazzling Spray           Conj/Hex       #.....       61%         3    ###....
 Summon Guardian Golem    Hex/Summ       #.......     61%         3    ###....
 Call Imp                 Summ           #.......     63%         2    ##.....
 Call Canine Familiar     Summ           #.......     86%         3    ###....
 Gell's Gravitas          Tloc           #.........   86%         3    ###....
 Petrify                  Tmut/Erth      #.......     99%         4    #####..
 Summon Ice Beast         Ice/Summ       #.......     99%         4    #####..
 Summon Lightning Spire   Summ/Air       #.......     99%         4    #####..
 Metabolic Englaciation   Hex/Ice        ##........   99%         5    ######.
 Yara's Violent Unravell  Hex/Tmut       #.........   100%        5    ######.


Dungeon Overview and Level Annotations

Branches:
Dungeon (6/15)
 Temple: D:4-7

Altars:
Cheibriados
Dithmenos
Kikubaaqudgha
Nemelex Xobeh
Qazlal
Ru

Shops:
D:4 :((*


Innate Abilities, Weirdness & Mutations

You are small and have problems with some larger weapons.
You are carnivorous and can eat meat at any time.


Message History

The orc priest mumbles some strange prayers to Beogh against you.
You resist with some effort.
The orc priest invokes the aid of Beogh against you.
Beogh smites you!
You see here a +0 leather armour.
You hit the orc priest but do no damage.
The orc priest is poisoned.
The orc priest misses you. The orc priest completely misses you.
You hit the orc priest but do no damage.
The orc priest looks as sick as possible!
The orc priest is lightly wounded.
The orc priest misses you.
The orc priest hits you with a +0 trident.
You barely miss the orc priest.
The orc priest is lightly wounded.
The orc priest mumbles some strange prayers to Beogh against you.
You resist with some effort.
The orc priest calls down the wrath of Beogh upon you.
Beogh smites you!
You die...

#..##........##..
##..##.......###..
#....##...........
##....##..###......
#.#......#.## #......
#.#...#..#.# ###....
#.....##...# #....
##.#.########## #....
#.o@...#.....###.##.
##..o..........#.....
#....................
#...............###..
#...............#....
#...............#..##
#.........#.#......#
#..........∩.....#.#
##[.......#.#..###.#


You could see 2 orc priests.

Vanquished Creatures
  2 human zombies (Ossuary)
  A worker ant (D:4)
  A killer bee zombie (D:5)
  2 mummies (Ossuary)
  Robin (D:2)
  6 adders
  An ooze (D:2)
  An adder zombie (Ossuary)
  2 adder skeletons (D:4)
  3 worms
  2 dart slugs (D:2)
  4 leopard geckos
  12 orcs
  3 giant cockroaches
  14 goblins
  14 hobgoblins
  8 kobolds
  2 quokkas
  8 bats
  5 frilled lizards
  9 hobgoblin zombies (Ossuary)
  A jackal zombie (Ossuary)
  11 kobold zombies (Ossuary)
  10 orc zombies (Ossuary)
  13 rats
  3 rat zombies (Ossuary)
139 creatures vanquished.

Vanquished Creatures (others)
  A goblin (D:2)
1 creature vanquished.

Grand Total: 140 creatures vanquished

Notes
Turn   | Place    | Note
-------+----------+-------------------------------------------
     0 | D:1      | Borgoz the Kobold Enchanter began the quest for the Orb.
     0 | D:1      | Reached XP level 1. HP: 10/10 MP: 3/3
   251 | D:1      | Reached XP level 2. HP: 13/16 MP: 5/5
  1190 | D:2      | Reached skill level 1 in Armour
  1190 | D:2      | Reached XP level 3. HP: 20/20 MP: 6/6
  1294 | D:2      | Found a sacrificial altar of Ru.
  1464 | D:2      | Reached XP level 4. HP: 18/24 MP: 7/7
  1469 | D:2      | Learned a level 2 spell: Ensorcelled Hibernation
  1473 | D:2      | Learned a level 3 spell: Confuse
  1593 | D:2      | Reached skill level 1 in Fighting
  1919 | D:2      | Noticed Robin
  1985 | D:2      | Killed Robin
  2408 | D:2      | Reached XP level 5. HP: 16/29 MP: 2/8
  2629 | D:2      | Found a snail-covered altar of Cheibriados.
  4078 | D:3      | Learned a level 1 spell: Confusing Touch
  4224 | D:4      | Found a stormy altar of Qazlal.
  4255 | D:4      | Reached XP level 6. HP: 20/34 MP: 10/10
  4456 | D:4      | Found a shadowy altar of Dithmenos.
  4502 | D:4      | Found an ancient bone altar of Kikubaaqudgha.
  4504 | D:4      | Found a sparkling altar of Nemelex Xobeh.
  4522 | D:4      | Found Tahael's General Store.
  4532 | D:4      | Bought a scroll of identify for 22 gold pieces
  4532 | D:4      | Bought a scroll of magic mapping for 38 gold pieces
  4566 | D:4      | You fall through a shaft for 2 floors!
  4770 | D:5      | Entered Level 5 of the Dungeon
  4831 | D:5      | Found a sand-covered staircase.
  4836 | Ossuary  | Entered an ossuary
  5202 | Ossuary  | Reached skill level 1 in Ice Magic
  5349 | Ossuary  | Reached skill level 1 in Evocations
  5986 | D:5      | Reached skill level 5 in Stealth
  6181 | D:4      | Found Lanei's Antique Weapon Shop.
  6226 | D:4      | Found Dosol's Antique Weapon Shop.
  6227 | D:4      | Found Gonkoch's Book Emporium.
  6233 | D:4      | Bought a glowing dagger for 125 gold pieces
  6377 | D:4      | Killed from afar by an orc priest

Skill      XL: |  1  2  3  4  5  6 |
---------------+-------------------+-----
Short Blades   | 2 3 |  3.1
Armour         | 1 2 |  2.2
Fighting       | 1 |  1.9
Dodging        | 3 |  3.6
Ice Magic      | 1 |  1.3
Evocations     | 1 |  1.2
Spellcasting   | 3 |  3.0
Stealth        | 5 |  5.0
Hexes          | |  3.6

Action                   |  1- 3 |  4- 6 || total
-------------------------+-------+-------++-------
Melee: Short sword       |   169 |   178 ||   347
       Rapier            |       |   344 ||   344
       Dagger            |       |    11 ||    11
 Cast: Corona            |     1 |       ||     1
       Ensorcelled Hiber |       |    11 ||    11
Evoke: Wand              |       |     9 ||     9
  Use: Potion            |       |     3 ||     3
       Scroll            |       |    14 ||    14
 Stab: Sleeping          |     7 |    10 ||    17
       Distracted        |       |     2 ||     2
  Eat: Chunk             |    10 |    13 ||    23
Armor: Ring mail         |    53 |   172 ||   225
Dodge: Dodged            |    82 |   358 ||   440
